 Dungeon Crawl Stone Soup version 0.30-a0-553-g7fabdf1491 (webtiles) character file.

Game seed: 270249229582374355

28665 Shayle the Covert (level 13, -9/84 HPs)
             Began as a Tengu Brigand on Dec 26, 2022.
             Was an Elder of Wu Jian.
             Killed from afar by an oklob plant (28 damage)
             ... with a splash of acid
             ... on level 11 of the Dungeon.
             The game lasted 01:04:13 (16885 turns).

Shayle the Covert (Tengu Brigand)                  Turns: 16885, Time: 01:04:13

Health: -9/84      AC: 14    Str: 17    XL:     13   Next: 40%
Magic:  25/25      EV: 19    Int: 11    God:    Wu Jian [****..]
Gold:   1004       SH:  5    Dex: 16    Spells: 25/27 levels left

rFire   . . .      SeeInvis .    N - +4 spear (venom)
rCold   . . .      Faith    .    (no shield)
rNeg    . . .      Spirit   .    A - +3 leather armour
rPois   +          Reflect  +    (helmet restricted)
rElec   .          Harm     .    c - +2 cloak
rCorr   .          Rampage  .    W - +2 pair of gloves
Will    .....                    (boots unavailable)
Stlth   +++++                    Q - amulet of reflection
HPRegen 0.34/turn                m - ring of poison resistance
MPRegen 0.19/turn                v - +4 ring of slaying

@: flying quickly and evasively, quick
A: beak, talons 3, nimble flight
a: Renounce Religion, Wall Jump, Serpent's Lash


You were on level 11 of the Dungeon.
You worshipped Wu Jian.
Wu Jian was greatly pleased with you.
You visited 3 branches of the dungeon, and saw 17 of its levels.
You also visited: Sewer, Bailey and Gauntlet.

You collected 1026 gold pieces.
You spent 22 gold pieces at shops.

Inventory:

Hand Weapons
 n - a +2 dagger of draining
 I - a +2 rapier of freezing
 N - a +4 spear of venom (weapon)
 T - the +5 hand axe "Giantslayer" {flame, Str+3}
   (You found it on level 10 of the Dungeon)

   It burns those it strikes, dealing additional fire damage.
   Big, fiery blades are also staple armaments of hydra-hunters.
   Str:       It affects your strength (+3).
 X - a +2 dagger of electrocution
Missiles
 a - 2 poisoned darts
 e - 3 curare-tipped darts (quivered)
 G - 5 atropa-tipped darts
 V - 10 silver javelins
Armour
 c - a +2 cloak (worn)
 A - a +3 leather armour (worn)
 J - a +0 troll leather armour {Pargi}
 P - a +2 robe of positive energy
 W - a +2 pair of gloves (worn)
Jewellery
 d - a +4 ring of protection
 m - a ring of poison resistance (left hand)
 u - a +6 ring of dexterity
 v - a +4 ring of slaying (right hand)
 x - an amulet of the acrobat
 B - a ring of see invisible
 O - a +4 ring of evasion
 Q - an amulet of reflection (around neck)
Scrolls
 g - a scroll of magic mapping
 h - 5 scrolls of immolation
 i - 4 scrolls of teleportation
 l - a scroll of silence {unknown}
 o - a scroll of fog
 q - 2 scrolls of identify
 t - 2 scrolls of poison
 S - a scroll of fear
Potions
 b - a potion of ambrosia {unknown}
 f - a potion of haste
 j - a potion of heal wounds
 k - 4 potions of mutation
 p - 3 potions of cancellation
 r - a potion of attraction
 s - 6 potions of curing
 w - 3 potions of brilliance
 z - a potion of might {unknown}
 F - 3 potions of magic
 M - 2 potions of degeneration {unknown}
 R - 2 potions of lignification {unknown}
 U - a potion of invisibility {unknown}
 Z - 2 potions of resistance {unknown}
Miscellaneous
 D - a piece from Xom's chessboard (14/15)


   Skills:
 + Level 11.4 Fighting
 - Level 8.2 Short Blades
 - Level 2.0 Throwing
 + Level 9.5 Armour
 - Level 7.9 Dodging
 - Level 11.8 Stealth
 + Level 7.9 Spellcasting
 + Level 2.8 Hexes
 + Level 3.3 Ice Magic


You had 25 spell levels left.
You knew the following spells:

 Your Spells              Type           Power      Damage    Failure   Level
a - Ensorcelled Hibernat  Hex/Ice        22%        N/A       8%          2

Your spell library contained the following spells:

 Spells                   Type           Power      Damage    Failure   Level
 Blink                    Tloc           8%         N/A       28%         2
 Momentum Strike          Conj/Tloc      8%         3d8       28%         2
 Passwall                 Tmut/Erth      3%         N/A       28%         2
 Scorch                   Fire           8%         2d5       28%         2
 Static Discharge         Conj/Air       8%         2-3/arc   28%         2
 Kindle Blastsparks       Fire/Tloc/Air  8%         2d10      50%         3
 Lesser Beckoning         Tloc           8%         N/A       50%         3
 Mephitic Cloud           Conj/Pois/Air  4%         N/A       50%         3
 Swiftness                Air            4%         N/A       50%         3
 Vhi's Electric Charge    Tloc/Air       8%         N/A       50%         3
 Metabolic Englaciation   Hex/Ice        5%         N/A       82%         5
 Flame Wave               Conj/Fire      4%         2d5       88%         4
 Olgreb's Toxic Radiance  Pois           4%         N/A       88%         4
 Petrify                  Tmut/Erth      4%         N/A       88%         4
 Arcjolt                  Conj/Air       2%         1d12      99%         5
 Iskenderun's Battlesphe  Conj           4%         2d6       99%         5
 Lightning Bolt           Conj/Air       2%         1d13      99%         5
 Conjure Ball Lightning   Conj/Air       2%         3x3d6     100%        6
 Iron Shot                Conj/Erth      2%         9d2       100%        6
 Statue Form              Tmut/Erth      2%         N/A       100%        6
 Summon Cactus Giant      Summ           2%         N/A       100%        6
 Ozocubu's Refrigeration  Ice            5%         4d8       100%        7
 Spellforged Servitor     Conj/Summ      2%         N/A       100%        7
 Ignition                 Fire           2%         3d3       100%        8


Dungeon Overview and Level Annotations

Branches:
Dungeon (12/15)            Temple (1/1) D:7            Lair (4/5) D:11
 Shoals (0/4) Lair:3       Spider (0/4) Lair:3        Slime (0/5) Lair:4
    Orc (0/2) D:11          Sewer (visited)          Bailey (visited)
Gauntlet (visited)

Altars:
Ashenzari
Cheibriados
Dithmenos
Elyvilon
Fedhas
Gozag
Hepliaklqana
Kikubaaqudgha
Makhleb
Nemelex Xobeh
Okawaru
Qazlal
Ru
Sif Muna
Trog
Uskayaw
Vehumet
Wu Jian
Xom
Yredelemnul
Zin
The Shining One
Jiyva

Shops:
D:1 *   D:2 :

Portals:
Trove: D:10 (show slimy rune of Zot)

Annotations:
D:3 1 runed translucent door, Crazy Yiuf
D:6 3 runed translucent doors, zishaf's ghost, novice DgWn
D:11 exclusion: 2 oklob plants, Erica


Innate Abilities, Weirdness & Mutations

You have a beak for a mouth.
You have claws for feet.
Your magical nature lets you fly swiftly and evasively.


Message History

You peck the basilisk.
The basilisk is severely wounded.
The basilisk bites you!
You closely miss the basilisk. Your peck misses the basilisk.
The basilisk is almost dead.
The basilisk misses you.
You closely miss the basilisk. Your kick misses the basilisk.
The basilisk is almost dead.
You block the basilisk's attack.
You closely miss the basilisk.
The cyclops shouts!
You claw the basilisk.
The basilisk is almost dead.
You hear a shout!
The basilisk completely misses you. The basilisk misses you.
You puncture the basilisk!
You kill the basilisk!
The Council accepts your kill.
A centaur warrior comes into view.
The centaur warrior moves out of view.
A shadow comes into view.
The shadow moves out of view.
The centaur warrior wields a +0 longbow.
The centaur warrior shoots an arrow.
The arrow hits you!
* * * LOW HITPOINT WARNING * * *
As you read the scroll of fog, it crumbles to dust.
The scroll dissolves into smoke.
As you read the scroll of teleportation, it crumbles to dust.
You feel strangely unstable.
Things that are here:
a +0 plate armour; a +0 short sword Your surroundings suddenly seem different.
Unknown command.
You lunge at the oklob plant.
The floating eye turns its gaze towards you.
You puncture the oklob plant!
The oklob plant is moderately damaged.
The oklob plant spits acid at you. The splash of acid hits you!!
You die...

#......###...####.# #.#
#............##.##.# #.#
..............>..#.###.###
..........................
........................##
......P...........####....
.......P..P......## #.###
.....P.G.[P.....## #....
...P..P.@.P....# #####
...P.P.).P.....#
......)P.......# #
.....P.........# ##
...............# ####.
...............# #....
...............# #...#
.............## #..##
#.........# ##.#.


You could see 2 oklob plants and a floating eye.

Vanquished Creatures
  A minotaur (Gauntlet)
  Josephine (D:9)
  A hydra (D:11)
  A boulder beetle (D:11)
  2 two-headed ogres
  An alligator (Lair:3)
  3 death yaks (Lair:2)
  A tengu warrior (D:11)
  An orb spider (Lair:3)
  An orc knight (D:11)
  Pikel (D:8)
  A necromancer (D:9)
  2 cyclopes (D:11)
  A moth of wrath (Gauntlet)
  An ugly thing (D:11)
  A black mamba (Lair:2)
  2 gargoyles
  6 cane toads
  2 rime drakes
  2 kobold demonologists
  4 komodo dragons
  A tengu conjurer (D:8)
  2 unseen horror zombies (D:9)
  4 trolls
  2 unseen horror skeletons (D:9)
  8 blink frogs
  A polar bear (Lair:1)
  A raiju (Gauntlet)
  A hornet (D:8)
  4 flying skulls
  A vampire (D:9)
  4 shadows
  4 yaks
  Sigmund (D:2)
  A wyvern (Lair:1)
  2 wraiths
  3 steam dragons
  2 vampire mosquitoes (D:11)
  2 basilisks
  5 swamp worms (Lair:3)
  An acid dragon (D:10)
  2 orc warriors
  6 water moccasins
  A sky beast (D:7)
  Pargi (Sewer)
  9 wolves
  5 centaurs
  3 kobold brigands
  9 bullfrogs
  2 wyvern zombies (D:9)
  A gnoll sergeant (D:10)
  4 scorpions
  9 wights
  5 killer bees (D:9)
  6 howler monkeys
  3 vampire bats (Bailey)
  7 wolf zombies (Bailey)
  2 electric eels (D:8)
  3 orc priests
  4 hounds
  2 centaur zombies (D:9)
  A gnoll bouda (D:7)
  2 centaur skeletons (D:9)
  2 iguanas
  Natasha (twice) (D:3)
  8 orc wizards
  4 hell rats (Lair:1)
  2 howler monkey zombies (D:9)
  19 gnolls
  13 adders
  4 howler monkey skeletons (D:9)
  4 white imps
  2 worms
  3 dart slugs
  29 orcs
  3 ball pythons
  9 bats
  7 endoplasms
  A giant cockroach (D:3)
  4 goblins
  6 hobgoblins
  2 quokkas (D:2)
  2 frilled lizards (D:2)
  16 kobolds
  15 orc zombies (Bailey)
  7 rats
  3 butterflies (Lair:1)
340 creatures vanquished.

Vanquished Creatures (others)
  A gnoll bouda (D:9)
  A howler monkey skeleton (D:9)
  23 fungi
  42 plants
67 creatures vanquished.

Grand Total: 407 creatures vanquished

Notes
Turn   | Place    | Note
-------+----------+-------------------------------------------
     0 | D:1      | Shayle the Tengu Brigand began the quest for the Orb.
     0 | D:1      | Reached XP level 1. HP: 12/12 MP: 2/2
   117 | D:1      | Reached XP level 2. HP: 17/17 MP: 3/3
   222 | D:1      | Found a faded altar of an unknown god.
   262 | D:1      | Found Okatull's General Store.
   272 | D:1      | Bought a scroll of identify for 22 gold pieces
   751 | D:2      | Reached XP level 3. HP: 18/22 MP: 4/4
   799 | D:2      | Found Zossuet's Book Shop.
   928 | D:2      | Reached XP level 4. HP: 23/27 MP: 5/5
  1181 | D:2      | Found a hide-covered altar of Uskayaw.
  1181 | D:2      | Noticed Sigmund
  1201 | D:2      | Killed Sigmund
  1202 | D:2      | Reached skill level 5 in Stealth
  1202 | D:2      | Gained mutation: Your magical nature lets you fly swiftly
                  | and evasively. [Tengu growth]
  1202 | D:2      | Reached XP level 5. HP: 27/32 MP: 6/6
  1374 | D:2      | Reached XP level 6. HP: 37/37 MP: 7/7
  1568 | D:3      | Noticed Natasha
  1576 | D:3      | Killed Natasha
  1742 | D:3      | Noticed a black bear
  1830 | D:3      | Noticed Natasha
  1838 | D:3      | Killed Natasha
  1971 | D:3      | Got the Incunabulum of the Pyromaniac and Conflict
  2146 | D:3      | Found a runed translucent door.
  2147 | D:3      | Noticed Crazy Yiuf
  2711 | D:4      | Found a bloodstained altar of Trog.
  3010 | D:5      | Entered Level 5 of the Dungeon
  3034 | D:5      | Reached XP level 7. HP: 41/41 MP: 8/8
  3511 | D:5      | Reached XP level 8. HP: 48/48 MP: 9/9
  4181 | D:6      | Reached skill level 5 in Short Blades
  4198 | D:6      | Found a runed translucent gate.
  4198 | D:6      | Found a runed translucent gate.
  4198 | D:6      | Found a runed translucent gate.
  4218 | D:6      | Noticed zishaf's ghost (novice DgWn)
  4225 | D:6      | Identified the +0 chain mail of Minor Irritation {Fly
                  | Str+5}
  4427 | D:6      | Found a glowing drain.
  4441 | Sewer    | Entered a sewer
  4468 | Sewer    | Noticed Pargi
  4477 | Sewer    | Killed Pargi
  4498 | Sewer    | Identified the ring "Wocsonosm" {Contam rC+ Str+2 Int-4
                  | Dex+8}
  4584 | D:6      | Noticed a +0 hand axe
  4584 | D:6      | Noticed a +0 dagger
  4585 | D:6      | Found a hide-covered altar of Uskayaw.
  4789 | D:7      | Found a flagged portal.
  4799 | Bailey   | Entered a bailey
  4837 | Bailey   | Reached skill level 5 in Dodging
  4858 | Bailey   | Reached skill level 5 in Fighting
  5031 | Bailey   | Noticed a gargoyle
  5042 | Bailey   | Killed a gargoyle
  5043 | Bailey   | Reached XP level 9. HP: 54/54 MP: 10/10
  5513 | D:7      | Found a staircase to the Ecumenical Temple.
  5521 | Temple   | Entered the Ecumenical Temple
  5558 | D:7      | Identified the ring "Yjud" {Ice Fly Will- rCorr Str+5}
  5906 | D:7      | Found an ornate altar of the Wu Jian Council.
  5909 | D:7      | Found an iron altar of Okawaru.
  5914 | D:7      | Became a worshipper of the Wu Jian Council
  6017 | D:8      | Reached skill level 10 in Stealth
  6183 | D:8      | Noticed a tengu conjurer
  6214 | D:8      | Noticed a hornet
  6220 | D:8      | Killed a hornet
  6399 | D:8      | Reached XP level 10. HP: 61/61 MP: 11/11
  7087 | D:8      | Noticed Pikel
  7107 | D:8      | Killed Pikel
  7492 | D:9      | Found a radiant altar of Vehumet.
  7686 | D:9      | Noticed a two-headed ogre
  7706 | D:9      | Killed a two-headed ogre
  7706 | D:9      | Reached * piety under Wu Jian
  7966 | D:9      | Noticed a necromancer
  8123 | D:9      | Killed a necromancer
  8124 | D:9      | Reached skill level 1 in Armour
  8124 | D:9      | Reached skill level 1 in Spellcasting
  8124 | D:9      | Reached XP level 11. HP: 31/68 MP: 11/14
  8245 | D:10     | Entered Level 10 of the Dungeon
  8277 | D:10     | Found Comal's Assorted Antiques.
  8445 | D:10     | Identified the +5 hand axe "Giantslayer" {flame, Str+3}
  8697 | D:10     | Found a portal to a secret trove of treasure.
  9350 | D:11     | Noticed a cyclops
  9788 | D:9      | Noticed Josephine
  9814 | D:9      | Killed Josephine
 10340 | D:11     | Found a staircase to the Orcish Mines.
 10342 | D:11     | Noticed a five-headed hydra
 10344 | D:11     | Reached ** piety under Wu Jian
 10378 | D:11     | Reached skill level 5 in Armour
 10575 | D:11     | Noticed a boulder beetle
 10604 | D:11     | Killed a boulder beetle
 10613 | D:11     | Noticed an oklob plant
 10613 | D:11     | Noticed an oklob plant
 10650 | D:11     | Found a staircase to the Lair.
 10705 | Lair:1   | Entered Level 1 of the Lair of Beasts
 11273 | Lair:1   | Reached skill level 5 in Spellcasting
 11548 | Lair:1   | Reached XP level 12. HP: 58/76 MP: 20/20
 12530 | Lair:2   | You are sucked into a shaft and drop 1 floor!
 12564 | Lair:2   | Noticed a death yak
 12564 | Lair:2   | Noticed a death yak
 12603 | Lair:1   | Reached skill level 10 in Fighting
 12911 | Lair:2   | Noticed a death yak
 12913 | Lair:2   | Killed a death yak
 12938 | Lair:2   | Killed a death yak
 12941 | Lair:2   | Killed a death yak
 13681 | Lair:3   | Reached *** piety under Wu Jian
 13783 | Lair:3   | Found a hole to the Spider Nest.
 14087 | D:11     | Noticed a two-headed ogre
 14122 | D:11     | Killed a two-headed ogre
 14241 | Lair:2   | Learned a level 2 spell: Ensorcelled Hibernation
 14317 | Lair:3   | Found a staircase to the Shoals.
 14488 | Lair:3   | Noticed a six-headed hydra
 14488 | Lair:3   | Noticed an alligator
 14611 | Lair:3   | Noticed an alligator
 14685 | Lair:3   | Killed an alligator
 14686 | Lair:3   | Reached skill level 1 in Ice Magic
 14897 | Lair:4   | Reached skill level 1 in Hexes
 14898 | Lair:4   | Found a viscous altar of Jiyva.
 15028 | Lair:4   | Found a gate leading to a gauntlet.
 15047 | Gauntlet | Entered a Gauntlet
 15047 | Gauntlet | Found a transporter.
 15047 | Gauntlet | Found a transporter.
 15047 | Gauntlet | Found a transporter.
 15048 | Gauntlet | Found a transporter.
 15051 | Gauntlet | Found a transporter.
 15053 | Gauntlet | Found a large runed translucent door.
 15054 | Gauntlet | Found a large runed translucent door.
 15055 | Gauntlet | Found a large runed translucent door.
 15055 | Gauntlet | Found a large runed translucent door.
 15055 | Gauntlet | Found a runed translucent door.
 15056 | Gauntlet | Found a large runed translucent door.
 15062 | Gauntlet | Found a transporter.
 15068 | Gauntlet | Found a transporter.
 15072 | Gauntlet | Found a transporter.
 15073 | Gauntlet | Found a transporter.
 15079 | Gauntlet | Found a transporter.
 15090 | Gauntlet | Found a large runed translucent door.
 15091 | Gauntlet | Found a large runed translucent door.
 15092 | Gauntlet | Found a large runed translucent door.
 15093 | Gauntlet | Found a runed translucent gate.
 15094 | Gauntlet | Noticed a thrashing horror
 15116 | Gauntlet | Found a transporter.
 15201 | Gauntlet | Found a large runed translucent door.
 15202 | Gauntlet | Found a large runed translucent door.
 15203 | Gauntlet | Found a large runed translucent door.
 15203 | Gauntlet | Found a large runed translucent door.
 15203 | Gauntlet | Found a runed translucent door.
 15204 | Gauntlet | Found a large runed translucent door.
 15206 | Gauntlet | Found a large runed translucent door.
 15207 | Gauntlet | Found a large runed translucent door.
 15207 | Gauntlet | Found a large runed translucent door.
 15208 | Gauntlet | Found a runed translucent gate.
 15208 | Gauntlet | Found a runed translucent gate.
 15210 | Gauntlet | Found a transporter.
 15301 | Gauntlet | Reached XP level 13. HP: 84/84 MP: 24/24
 15302 | Gauntlet | Identified the amulet "Iloy" {Spirit -Tele rElec Str-3
                  | Int+8}
 15449 | Gauntlet | Noticed a minotaur
 15467 | Gauntlet | Killed a minotaur
 15481 | Gauntlet | Got Ozowo's Catalogue of the Gusty Boulder
 16636 | D:11     | Noticed Erica
 16742 | D:11     | Reached **** piety under Wu Jian
 16790 | D:11     | Identified the +4 arbalest "Kunulosa" {speed, Fly rElec}
 16885 | D:11     | Killed from afar by an oklob plant

Illustrated notes

Levels and vault maps discovered:
D:1:      dpeg_arrival_stone_temple_mockup, layout_basic,
          ebering_ecumenical_altar_abandoned, serial_shops, shop
D:2:      layout_loops_corners, basic_altar, serial_shops, nicolae_shop_trees,
          uniq_sigmund
D:3:      layout_loops_ring, lightli_corner_chamber, uniq_crazy_yiuf_cottage,
          uniq_natasha
D:4:      layout_loops_ring, nicolae_overflow_hidden_temple,
          nicolae_underground_beach
D:5:      layout_layer_cave, grunt_ministairs_9
D:6:      layout_cave_pools, dancing_weapons_uskayaw, portal_sewer_entry_c,
          biasface_ghost_orc_armoury, hangedman_abyss_or_decor_passed
D:7:      layout_cave_pools, gammafunk_temple_overflow_statue,
          minmay_temple_entry_trees, serial_column_ruins, column_ruins_hut,
          column_ruins_columns_corner, column_ruins_open_medium,
          column_ruins_grid_3, enter_bailey_8
D:8:      layout_basic, kennysheep_island_fort, uniq_pikel
D:9:      hangedman_screamer, layout_long_grid, fiery_altar_vehumet
D:10:     layout_basic, enter_trove_0, serial_shops,
          nicolae_shop_advertising_works [nicolae_subvault_shop_adworks],
          evilmike_butchery
D:11:     minmay_the_grid_octo_tiled_octocenter
          [minmay_the_grid_octo_thin_diamonds, minmay_the_grid_octo_clover,
          minmay_the_grid_octo_toaster, minmay_the_grid_octo_pinwheel,
          minmay_the_grid_octo_prize_big_c,
          minmay_the_grid_square_5x5_eight_small,
          minmay_the_grid_square_5x5_bite, minmay_the_grid_square_5x5_corner,
          minmay_the_grid_square_5x5_tri_point], layout_loops_ring,
          lair_entry_dummy, orc_0_dummy, disabler_island, uniq_josephine,
          uniq_erica
D:12:     minmay_bloctagon_deflated, layout_loops_ring, serial_shops, shop
Temple:   sentei_temple_godly_chess
Lair:1:   layout_regular_city, lemuel_fruit_fields
Lair:2:   layout_loops_ring, grunt_megastairs_5, infiniplex_staircase_pool
Lair:3:   onia_ninara_swampy_vault, layout_big_grid,
          minmay_shoals_entry_centaurs, nicolae_spider_entry_orb_guardian
Lair:4:   layout_regular_city, slime_entry_1, gauntlet_entry_generic,
          serial_bayou_pond_c, serial_bayou_shore_b, grunt_megastairs_1

Skill      XL: |  1  2  3  4  5  6  7  8  9 10 11 12 13 |
---------------+----------------------------------------+-----
Dodging        | 2 3 4 5 6 7 |  7.9
Fighting       | 3 4 5 6 7 9 11 | 11.4
Short Blades   | 3 4 6 7 8 |  8.2
Stealth        | 5 6 7 9 10 11 | 11.8
Armour         | 1 6 8 9 |  9.5
Spellcasting   | 1 5 7 |  7.9
Ice Magic      | 1 3 |  3.3
Hexes          | 1 2 |  2.8
Throwing       | |  2.0

Action                   |  1- 3 |  4- 6 |  7- 9 | 10-12 | 13-15 || total
-------------------------+-------+-------+-------+-------+-------++-------
Melee: Dagger            |    33 |    85 |   226 |       |       ||   344
       Kick              |     6 |    13 |    74 |   211 |    48 ||   352
       Peck              |     4 |     8 |    54 |   119 |    29 ||   214
       Spear             |       |       |    49 |   526 |    82 ||   657
       Punch             |       |       |     2 |     5 |       ||     7
       Hand axe          |       |       |       |    10 |     7 ||    17
       Rapier            |       |       |       |       |    34 ||    34
Throw: Dart              |       |     8 |     2 |    32 |       ||    42
       Throwing net      |       |       |     2 |     1 |       ||     3
Invok: Lunge             |       |       |     1 |    21 |    10 ||    32
       Whirlwind         |       |       |       |     9 |       ||     9
Evoke: Wand              |       |       |       |    13 |     2 ||    15
       Piece from Xom's  |       |       |       |       |     2 ||     2
  Use: Scroll            |       |       |    19 |     9 |     7 ||    35
       Potion            |       |       |     3 |     5 |     3 ||    11
 Stab: Sleeping          |     7 |    20 |    22 |    10 |     3 ||    62
       Held in net/web   |       |       |     1 |     2 |       ||     3
       Distracted        |       |       |       |     2 |     1 ||     3
Armor: Robe              |     2 |     6 |       |       |       ||     8
       Leather armour    |       |     3 |    76 |   140 |    39 ||   258
Dodge: Dodged            |    15 |    38 |   235 |   475 |    86 ||   849
Block: Other             |       |       |       |   118 |    35 ||   153
       Reflection        |       |       |       |     4 |       ||     4

Table legend: (Time is in decaauts)
 A = Elapsed time spent in this place.
 B = Non-inter-level travel time spent in this place.
 C = Inter-level travel time spent in this place.
 D = Time resting spent in this place.
 E = Time spent auto-exploring this place.
 F = Levels seen in this place.
 G = Mean time per level.
                   A        B        C        D        E       F      G
               +--------+--------+--------+--------+--------+-----+--------+
         Total |  15896 |  15235 |    661 |   3706 |   6538 |  20 |  794.8 |
       Dungeon |  10607 |  10204 |    403 |   2056 |   5166 |  12 |  883.9 |
        Temple |      5 |      5 |      0 |      0 |      0 |   1 |    5.0 |
          Lair |   4116 |   3859 |    257 |   1356 |   1366 |   4 | 1029.0 |
         Sewer |     85 |     85 |      0 |      0 |      6 |   1 |   85.0 |
        Bailey |    535 |    535 |      0 |    123 |      0 |   1 |  535.0 |
      Gauntlet |    546 |    546 |      0 |    170 |      0 |   1 |  546.0 |
               +--------+--------+--------+--------+--------+-----+--------+

Top non-repeatable levels by time:
  Lair:1: 1935 daAuts
     D:9: 1779 daAuts
    D:10: 1328 daAuts
    D:11: 1238 daAuts
     D:5: 1036 daAuts
     D:8: 1033 daAuts
  Lair:3: 1018 daAuts
  Lair:2: 971 daAuts
     D:3: 865 daAuts
     D:2: 839 daAuts
     D:1: 638 daAuts
     D:7: 608 daAuts
Gauntlet: 546 daAuts
  Bailey: 535 daAuts
     D:4: 477 daAuts
